 Dungeon Crawl Stone Soup version 0.23-a0-666-g28d4f2f0af (webtiles) character file.

102 Notair the Chopper (level 4, -3/38 HPs)
             Began as a Minotaur Gladiator on Jan 8, 2019.
             Slain by Crazy Yiuf
             ... wielding a +4 quarterstaff of chaos
              (10 damage)
             ... on level 3 of the Dungeon.
             The game lasted 00:02:08 (1946 turns).

Notair the Chopper (Minotaur Gladiator)             Turns: 1946, Time: 00:02:08

Health: -3/38      AC:  3    Str: 19    XL:     4   Next: 50%
Magic:  3/3        EV: 13    Int:  6    God:
Gold:   163        SH:  0    Dex: 11    Spells: 3/3 levels left

rFire    . . .     SeeInvis .   a - +0 war axe
rCold    . . .     Gourm    .   (no shield)
rNeg     . . .     Faith    .   b - +0 leather armour
rPois    .         Spirit   .   c - +0 hat
rElec    .         Reflect  .   (no cloak)
rCorr    .         Harm     .   (no gloves)
MR       .....                  (no boots)
Stlth    +.........             (no amulet)
HPRegen  0.12/turn              (no ring)
MPRegen  0.08/turn              (no ring)

@: no status effects
A: retaliatory headbutt, horns 2
a: no special abilities


You were on level 3 of the Dungeon.
You were not hungry.

You visited 1 branch of the dungeon, and saw 3 of its levels.

You collected 163 gold pieces.

Inventory:

Hand Weapons
 a - a +0 war axe (weapon)
 k - a +0 hunting sling
Missiles
 d - a throwing net (quivered)
 h - 125 stones
 l - 39 sling bullets
 o - 10 bolts
 p - 22 poisoned needles
Armour
 b - a +0 leather armour (worn)
 c - a +0 hat (worn)
Scrolls
 g - a scroll of enchant armour {unknown}
 i - 4 scrolls of identify {unknown}
 m - a scroll of remove curse {unknown}
Potions
 e - a potion of heal wounds {unknown}
 j - 2 potions of berserk rage {unknown}
 n - a potion of magic {unknown}
Comestibles
 f - 4 rations


   Skills:
 + Level 3.3 Fighting
 * Level 4.9 Axes
 - Level 2.0 Throwing
 + Level 2.0 Armour
 + Level 4.0 Dodging


You had 3 spell levels left.
You didn't know any spells.
Your spell library contained the following spells:

 Spells                   Type           Power        Failure   Level  Hunger
 Animate Skeleton         Necr           N/A          52%         1    ##.....
 Apportation              Tloc           #.....       52%         1    ##.....
 Confusing Touch          Hex            #.....       52%         1    ##.....
 Summon Small Mammal      Summ           #...         52%         1    ##.....


Dungeon Overview and Level Annotations

Branches:
Dungeon (3/15)

Altars:
Trog

Annotations:
D:3 Crazy Yiuf


Innate Abilities, Weirdness & Mutations

You reflexively headbutt those who attack you in melee.
You have a pair of horns on your head.


Message History

Crazy Yiuf says, "Action hand ena!"
Crazy Yiuf struggles against the net. x2
You strike the helpless Crazy Yiuf from behind!
You hit Crazy Yiuf.
Crazy Yiuf is moderately wounded.
Crazy Yiuf struggles against the net.
You hit Crazy Yiuf but do no damage.
You headbutt Crazy Yiuf, but do no damage.
Crazy Yiuf is moderately wounded.
Crazy Yiuf struggles against the net.
You hit Crazy Yiuf.
Crazy Yiuf is heavily wounded.
Crazy Yiuf struggles against the net.
The net rips apart, and Crazy Yiuf comes free!
Crazy Yiuf closely misses you.
You hit Crazy Yiuf but do no damage.
Crazy Yiuf is heavily wounded.
Crazy Yiuf whimpers, "Defame tea seventy!"
Crazy Yiuf hits you with a +4 quarterstaff of chaos!
You die...

############.#...#
#............#...#
#.############.###
#..>.# ### ##.###
#.## #..###♣♣ ####
##.)#))♣♣ ♣♣#)))#
#..))))♣♣♣♣)@g).#
##))))))♣))♣#)))#
###)))♣)♣♣♣ ####
##♣♣♣♣♣


You could see Crazy Yiuf.

Vanquished Creatures
  2 adders (D:2)
  3 oozes
  2 worms (D:2)
  4 dart slugs (D:1)
  3 leopard geckos (D:1)
  An orc (D:2)
  A ball python (D:1)
  2 giant cockroaches
  8 goblins
  9 hobgoblins
  5 kobolds
  A quokka (D:2)
  3 bats (D:1)
  5 frilled lizards
  5 rats
54 creatures vanquished.

Notes
Turn   | Place    | Note
-------+----------+-------------------------------------------
     0 | D:1      | Notair the Minotaur Gladiator began the quest for the Orb.
     0 | D:1      | Reached XP level 1. HP: 18/18 MP: 0/0
    74 | D:1      | Reached XP level 2. HP: 16/25 MP: 1/1
   148 | D:1      | Reached skill level 1 in Armour
   248 | D:1      | Reached XP level 3. HP: 11/30 MP: 2/2
  1183 | D:2      | Reached XP level 4. HP: 30/38 MP: 3/3
  1555 | D:2      | Found a bloodstained altar of Trog.
  1928 | D:3      | Found a runed door.
  1932 | D:3      | Noticed Crazy Yiuf
  1946 | D:3      | Slain by Crazy Yiuf

Vault maps used:
D:1:      evilmike_arrival_rings, kennysheep_small_spiral
D:2:      first_ration, trog_butcher_becter
D:3:      lemuel_doored_altar, uniq_crazy_yiuf_cottage

Skill      XL: |  1  2  3  4 |
---------------+-------------+-----
Axes           | 4 |  4.9
Armour         | 1 2 |  2.0
Fighting       | 3 |  3.3
Dodging        | 4 |  4.0
Throwing       | |  2.0

Action                   |  1- 3 |  4- 6 || total
-------------------------+-------+-------++-------
Melee: War axe           |    62 |    43 ||   105
       Headbutt          |    11 |     7 ||    18
Throw: Throwing net      |       |     2 ||     2
 Stab: Held in net/web   |       |     2 ||     2
  Eat: Chunk             |       |     3 ||     3
Armor: Leather armour    |    21 |     4 ||    25
Dodge: Dodged            |    37 |    23 ||    60

Table legend:
 A = Non-vault XP
 B = Vault XP
 C = Vault XP percentage of total XP
 D = Non-vault monster count
 E = Vault monster count
 F = Vault count percentage of total count
                 A         B        C        D         E       F
            +---------+---------+-------+---------+---------+-------
      Total |     140 |       7 |   4.8 |      50 |       4 |   7.4
            +---------+---------+-------+---------+---------+-------
        D:1 |      73 |       0 |   0.0 |      33 |       0 |   0.0
        D:2 |      67 |       7 |   9.5 |      17 |       4 |  19.0
            +---------+---------+-------+---------+---------+-------
